 Dungeon Crawl Stone Soup version 0.32-a0-135-g14f8b2e1af (webtiles) character file.

Game seed: 13502548242480845819

113786 Kenran the Spry (level 15, -3/88 HPs)
             Began as a Spriggan Hunter on Feb 10, 2024.
             Was the Champion of Okawaru.
             Constricted to death by a shambling mangrove (16 damage)
             ... on level 1 of the Swamp.
             The game lasted 00:40:18 (19696 turns).

Kenran the Spry (Spriggan Hunter)                  Turns: 19696, Time: 00:40:18

Health: -3/88      AC:  9    Str:  6    XL:     15   Next: 61%
Magic:  19/19      EV: 34    Int:  9    God:    Okawaru [******]
Gold:   4321       SH:  0    Dex: 29    Spells: 14/14 levels left

rFire   . . .        a - +6 arbalest of Moral Flaws {freeze, rC++}
rCold   + + .        (shield currently unavailable)
rNeg    + . .        R - +0 swamp dragon scales
rPois   +            (helmet currently unavailable)
rElec   +            h - melded +2 cloak
rCorr   .            (gloves unavailable)
SInv    +            (boots unavailable)
Will    +++..        F - amulet "Yllonily" {rElec rN+ Will+ Regen+ Int-2}
Stlth   +++++        y - +5 ring of evasion
HPRegen 1.14/turn    U - ring of flight
MPRegen 0.16/turn

%: no passive effects
@: beast-form, grasped by roots, flying, constricted, very quick
A: beast (slay +4), very small, no large weapons, unfitting armour, see
invisible, speed 3, iridescent scales 1, agile 1, robust 1
a: Begin Untransformation, Renounce Religion, Heroism, Finesse, Duel


You were on level 1 of the Swamp.
You worshipped Okawaru.
Okawaru was exalted by your worship.
You were a hulking beast.
You visited 5 branches of the dungeon, and saw 24 of its levels.
You also visited: Sewer and Bailey.

You collected 4421 gold pieces.
You spent 100 gold pieces at shops.

Inventory:

Hand Weapons
 a - the +6 arbalest of Moral Flaws (weapon) {freeze, rC++}
   (Okawaru gifted it to you on level 2 of the Lair of Beasts)

   rC++:      It greatly protects you from cold.
Missiles
 r - 3 throwing nets
Armour
 h - a +2 cloak (melded)
 M - a +2 hat
 R - +0 swamp dragon scales (worn)
 W - a +2 robe of fire resistance
Jewellery
 x - a ring of ice
 y - a +5 ring of evasion (left hand)
 F - the amulet "Yllonily" (around neck) {rElec rN+ Will+ Regen+ Int-2}
   (You acquired it on level 8 of the Dungeon)

   [amulet of regeneration]

   Int-2:     It affects your intelligence (-2).
   rElec:     It insulates you from electricity.
   rN+:       It protects you from negative energy.
   Will+:     It increases your willpower.
   Regen+:    It increases your rate of health regeneration.
 K - a ring of protection from cold
 L - a +5 ring of evasion
 O - a ring of positive energy
 Q - an amulet of faith {!P}
 T - a ring of willpower
 U - a ring of flight (right hand)
 Z - a ring of protection from fire
Talismans
 B - a beast talisman (active)
Wands
 t - a wand of digging (9)
 A - a wand of polymorph (17)
 C - a wand of iceblast (18)
 D - a wand of flame (76)
 H - a wand of light (12)
 S - a wand of mindburst (4)
Scrolls
 d - 11 scrolls of fog
 e - 9 scrolls of teleportation
 g - 5 scrolls of fear
 j - 3 scrolls of blinking
 k - a scroll of enchant weapon
 n - a scroll of brand weapon
 p - a scroll of amnesia
 v - 2 scrolls of torment {unknown}
 w - a scroll of revelation {unknown}
 E - 2 scrolls of poison {!r}
Potions
 c - 3 potions of attraction {unknown}
 f - 8 potions of mutation {!q}
 l - 3 potions of cancellation {unknown}
 m - 4 potions of invisibility {unknown}
 o - 6 potions of heal wounds {@q2}
 q - 4 potions of ambrosia
 s - a potion of resistance {unknown}
 z - a potion of magic {unknown}
 G - 2 potions of lignification {unknown}
 I - a potion of enlightenment {unknown}
 J - 5 potions of curing {unknown}
 N - a potion of berserk rage {unknown}
 P - 2 potions of degeneration {unknown}
 X - a potion of haste {unknown}


   Skills:
 - Level 10.0 Fighting
 - Level 18.0 Ranged Weapons
 + Level 19.6 Dodging
 - Level 10.0 Stealth
 - Level 5.0 Invocations
 - Level 8.0 Evocations
 - Level 7.0 Shapeshifting


You had 14 spell levels left.
You didn't know any spells.
Your spell library contained the following spells:

 Spells                   Type           Power      Damage    Failure   Level
 Foxfire                  Conj/Fire      0%         2x1d4     86%         1
 Freeze                   Ice            0%         1d3       86%         1
 Sting                    Conj/Alch      0%         1d3       86%         1
 Cigotuvi's Dreadful Rot  Necr/Alch/Air  0%         N/A       94%         2
 Mercury Vapours          Alch/Air       0%         N/A       94%         2
 Scorch                   Fire           0%         2d5       94%         2
 Static Discharge         Conj/Air       0%         3-3/arc   94%         2
 Sublimation of Blood     Necr           0%         N/A       94%         2
 Dazzling Flash           Conj/Hex       0%         N/A       99%         3
 Frozen Ramparts          Ice            0%         1d1       99%         3
 Gell's Gravitas          Tloc           0%         N/A       99%         3
 Hailstorm                Conj/Ice       0%         3d5       99%         3
 Mephitic Cloud           Conj/Alch/Air  0%         N/A       99%         3
 Teleport Other           Tloc           0%         N/A       99%         3
 Airstrike                Air            0%         2d(0-16)  100%        4
 Dispel Undead            Necr           0%         3d6       100%        4
 Flame Wave               Conj/Fire      0%         2d4       100%        4
 Leda's Liquefaction      Alch/Erth      0%         N/A       100%        4
 Olgreb's Toxic Radiance  Alch           0%         N/A       100%        4
 Passage of Golubria      Tloc           0%         N/A       100%        4
 Petrify                  Alch/Erth      0%         N/A       100%        4
 Curse of Agony           Necr           0%         N/A       100%        5
 Freezing Cloud           Conj/Ice/Air   0%         6-21      100%        5
 Irradiate                Conj/Alch      0%         3d11      100%        5
 Metabolic Englaciation   Hex/Ice        0%         N/A       100%        5
 Silence                  Hex/Air        0%         N/A       100%        5
 Yara's Violent Unravell  Hex/Alch       0%         3d3       100%        5
 Dispersal                Tloc           0%         N/A       100%        6
 Eringya's Noxious Bog    Alch           0%         4d6       100%        6
 Plasma Beam              Fire/Air       0%         2x1d10    100%        6
 Starburst                Conj/Fire      0%         6d3       100%        6
 Tukima's Dance           Hex            Unusable   N/A       N/A         3
 Martyr's Knell           Necr/Summ      Unusable   N/A       N/A         4
 Summon Lightning Spire   Summ/Air       Unusable   N/A       N/A         4
 Death Channel            Necr           Unusable   N/A       N/A         6
 Summon Cactus Giant      Summ           Unusable   N/A       N/A         6

Dungeon Overview and Level Annotations

Branches:
Dungeon (15/15)            Temple (1/1) D:7            Lair (5/5) D:11
  Swamp (1/4) Lair:3       Spider (0/4) Lair:3        Slime (0/5) Lair:5
    Orc (2/2) D:10            Elf (0/3) Orc:2        Vaults (0/5) D:13
 Depths (0/4) D:15          Sewer (visited)          Bailey (visited)

Altars:
Ashenzari
Cheibriados
Dithmenos
Elyvilon
Fedhas
Gozag
Hepliaklqana
Kikubaaqudgha
Makhleb
Nemelex Xobeh
Okawaru
Qazlal
Ru
Sif Muna
Trog
Uskayaw
Vehumet
Wu Jian
Xom
Yredelemnul
Zin
The Shining One
Jiyva
Lugonu

Shops:
D:11 *   Orc:2 *[((

Annotations:
D:3 3 runed translucent doors, Zero's ghost, amateur OnGl
D:11 3 runed translucent doors, feta's ghost, journeyman GnIE
Lair:1 exclusion: downstairs
Lair:5 1 runed translucent door


Innate Abilities, Weirdness & Mutations

You are a hulking beast.
Your limbs bulge with bestial killing power. (Slay +4)
You are very small and have problems with some larger weapons.
You are too small for most types of armour.
You have supernaturally acute eyesight. (SInv)
You cover ground extremely quickly. (Speed+++)
You are partially covered in iridescent scales. (AC +2)
You are agile. (Dex +4, Str/Int -1)
You are robust. (+10% HP)


Message History

You shoot a bolt. The bolt hits the spriggan rider!!!
You kill the hornet!
Okawaru accepts your kill.
The spriggan falls from its now dead mount.
The bolt freezes the spriggan!!
You kill the spriggan!
Okawaru accepts your kill.
You hear a splash.
The spriggan rider hits you but does no damage.
Roots burst forth from the earth!
The grasping roots grab you! The grasping roots constrict you!
Fire: a) +6 arbalest of Moral Flaws {freeze, rC++}
Press: ? - help, Q - select action, (/) - cycle Shift-Dir - straight line, f - spriggan rider
Aim: a spriggan rider, wielding a +0 spear and wearing a +0 buckler (heavily wounded, 63% to hit)
You shoot a bolt. The bolt hits the spriggan rider!
The bolt freezes the spriggan rider.
The spriggan rider is severely wounded.
The spriggan rider completely misses you.
The grasping roots constrict you! The spriggan rider closely misses you.
Fire: a) +6 arbalest of Moral Flaws {freeze, rC++}
Press: ? - help, Q - select action, (/) - cycle Shift-Dir - straight line, f/p - spriggan rider
Aim: a spriggan rider, wielding a +0 spear and wearing a +0 buckler (severely wounded, 63% to hit)
You shoot a bolt. The spriggan rider blocks the bolt.
The spriggan rider hits you from afar with a +0 spear!!
* * * LOW HITPOINT WARNING * * *
The grasping roots constrict you.
* * * LOW HITPOINT WARNING * * *
Fire: a) +6 arbalest of Moral Flaws {freeze, rC++}
Press: ? - help, Q - select action, (/) - cycle Shift-Dir - straight line, f/p - spriggan rider
Aim: a spriggan rider, wielding a +0 spear and wearing a +0 buckler (severely wounded, 63% to hit)
You shoot a bolt. The bolt hits the spriggan rider!!!
The bolt freezes the spriggan rider.
You kill the spriggan rider!
Okawaru accepts your kill.
You kill the hornet!
Okawaru accepts your kill.
You hear a splash. x2
The grasping roots constrict you!
You die...

.♣ ♣.~.♣♣ ♣~~~~~.~.~.♣..♣ ♣♣
♣....♣ ♣~§~~..~.~.♣..♣ ♣ ♣♣.~~♣
♣♣..~~~..~~~♣~.♣ ♣~~~♣♣
♣~§.~~~....~♣~.♣♣ ♣♣....♣♣
♣♣.~§~.♣~..♣♣♣..♣ ♣~~~~~.♣♣
♣♣..~.~.~..♣ ♣~.♣
♣♣..♣~..♣♣♣♣~~~~~~♣...♣ ♣~.♣ ♣♣♣♣
♣♣~.§.~§♣♣..~...~.(.♣♣ ♣~.♣
...♣♣♣♣~..~.f~§.h~~.~~.~~.~♣♣♣.~.
....~♣♣..~~~~~).~~..~♣.§~~~....~~
.....~~.♣♣♣♣♣♣♣♣♣~.~...~..~~..%♣♣
#.##..♣~♣ ♣~.~.♣♣♣..♣~.♣♣♣
#.##..~~♣ ♣~.~♣♣♣♣♣.~~♣♣
f.......♣ ♣.♣♣♣♣♣.>.♣♣♣
.†........~≈ ♣.♣ ♣.~.♣♣
........♣.§≈≈ ♣~♣ ♣♣.♣♣
#...#.~.♣.~~~ ♣♣♣ ♣.♣♣


You could see a shambling mangrove.

Vanquished Creatures
  Jorgrun (D:13)
  Rupert (D:13)
  Kirke (D:12)
  A fire giant (D:15)
  An orc warlord (Orc:2)
  A dire elephant (Lair:5)
  Fannar (Orc:1)
  Harold (Lair:2)
  An ice dragon (Lair:5)
  2 vault guards (Bailey)
  3 hydras
  2 boulder beetles
  5 centaur warriors
  An ogre mage (D:13)
  2 catoblepae (Lair:5)
  A death knight (D:15)
  2 tengu warriors
  4 two-headed ogres
  A demonic crawler (D:12)
  An occultist (D:15)
  Urug (Orc:1)
  5 orc high priests
  Nergalle (Orc:1)
  A goliath frog (Swamp:1)
  2 skysharks (Lair:3)
  3 lindwurms (Lair:5)
  5 orc knights
  A will-o-the-wisp (Swamp:1)
  3 deep elf pyromancers
  6 oklob plants
  5 ugly things
  3 orc sorcerers
  4 manticores
  6 kobold blastminers
  7 cyclopes
  3 meliai
  13 elephants
  2 black mambas
  2 gargoyles
  14 cane toads
  6 torpor snails (Lair:5)
  An unseen horror (D:11)
  Maggie (D:6)
  6 rime drakes
  8 komodo dragons
  2 kobold demonologists
  A tengu conjurer (D:15)
  A queen bee (shapeshifter) (D:14)
  Prince Ribbit (Bailey)
  4 tyrant leeches (Lair:5)
  2 polar bears
  11 hornets
  6 trolls
  Grinder (D:3)
  20 blink frogs
  A dream sheep (Lair:5)
  3 slime creatures (D:14)
  A centaur simulacrum (D:14)
  Sigmund (D:6)
  2 shadows (D:11)
  5 spriggans
  2 wraiths
  38 yaks
  5 wyverns
  4 basilisks
  7 humans
  A steam dragon (D:9)
  3 hogs
  3 vampire mosquitoes
  4 wargs
  10 water moccasins
  2 acid dragons
  5 swamp worms
  20 orc warriors
  A swamp drake (Swamp:1)
  2 ice beasts
  A swamp drake (shapeshifter) (D:15)
  2 sky beasts
  8 ogres
  6 black bears
  9 centaurs
  16 wolves
  4 phantoms
  2 kobold brigands
  25 bullfrogs
  2 brain worms (Sewer)
  2 scorpions (D:5)
  3 gnoll sergeants
  8 wights
  5 killer bees (D:11)
  A howler monkey (D:10)
  3 electric eels
  2 bombardier beetles
  14 orc priests
  7 hounds
  A gnoll bouda (D:8)
  A jelly (D:4)
  3 iguanas
  12 orc wizards
  A hell rat (Lair:5)
  29 gnolls
  9 adders
  5 river rats
  A shadow imp (D:6)
  3 dart slugs
  A ribbon worm (D:5)
  47 orcs
  7 ball pythons
  10 endoplasms
  3 giant cockroaches
  7 hobgoblins
  2 jackals (D:2)
  3 quokkas
  12 bats
  6 frilled lizards
  7 goblins
  2 goblin zombies (D:6)
  A hobgoblin zombie (D:6)
  14 kobolds
  2 kobold skeletons (D:6)
  2 kobold zombies (D:6)
  4 orc skeletons (D:6)
  14 rats
  A spectral goblin (D:5)
641 creatures vanquished.

Vanquished Creatures (others)
  A yak (Lair:1)
  2 orcs (Orc:2)
3 creatures vanquished.

Grand Total: 644 creatures vanquished

Notes
Turn   | Place    | Note
-------+----------+-------------------------------------------
     0 | D:1      | Kenran the Spriggan Hunter began the quest for the Orb.
     0 | D:1      | Reached XP level 1. HP: 10/10 MP: 2/2
   109 | D:1      | Reached XP level 2. HP: 14/14 MP: 3/3
   896 | D:2      | Reached skill level 5 in Ranged Weapons
   919 | D:2      | Reached XP level 3. HP: 18/18 MP: 4/4
  1674 | D:3      | Found a glowing drain.
  1720 | D:3      | Reached XP level 4. HP: 18/22 MP: 5/5
  1822 | Sewer    | Entered a sewer
  1861 | Sewer    | Noticed a brain worm
  1882 | Sewer    | Killed a brain worm
  1883 | Sewer    | Reached XP level 5. HP: 16/25 MP: 4/6
  2046 | Sewer    | Reached XP level 6. HP: 26/30 MP: 7/7
  2266 | D:3      | Found an ornate altar of the Wu Jian Council.
  2356 | D:3      | Found a runed translucent gate.
  2357 | D:3      | Found a runed translucent gate.
  2357 | D:3      | Found a runed translucent gate.
  2357 | D:3      | Found an opulent altar of Gozag.
  2362 | D:3      | Noticed an ice beast
  2405 | D:3      | Noticed Zero's ghost (amateur OnGl)
  2677 | D:3      | Found a stormy altar of Qazlal.
  3024 | D:3      | Noticed Grinder
  3194 | D:3      | Killed Grinder
  3195 | D:3      | Reached XP level 7. HP: 33/33 MP: 8/8
  3401 | D:4      | Found a glowing silver altar of Zin.
  3419 | D:4      | Reached skill level 3 in Dodging
  3597 | D:4      | Found a hide-covered altar of Uskayaw.
  3872 | D:5      | Entered Level 5 of the Dungeon
  4004 | D:5      | Reached XP level 8. HP: 34/39 MP: 9/9
  4068 | D:5      | Found an ancient bone altar of Kikubaaqudgha.
  4075 | D:5      | Identified the +3 spear "Modits" {protect, Int+3}
  4121 | D:5      | Reached skill level 4 in Dodging
  4391 | D:5      | Found a shimmering altar of Xom.
  4418 | D:5      | Found a broken altar of Ashenzari.
  4560 | D:5      | Found a hazy altar of Hepliaklqana.
  4571 | D:5      | Identified the +0 kite shield of Ru's Favour {Int+5}
  4708 | D:5      | Gained mutation: You are robust. (+10% HP) [potion of
                  | mutation]
  4708 | D:5      | Gained mutation: You are partially covered in iridescent
                  | scales. (AC +2) [potion of mutation]
  4708 | D:5      | Gained mutation: You are agile. (Dex +4, Str/Int -1)
                  | [potion of mutation]
  4810 | D:6      | Noticed Maggie
  4839 | D:6      | Killed Maggie
  4840 | D:6      | Reached skill level 10 in Ranged Weapons
  4840 | D:6      | Reached skill level 5 in Stealth
  4937 | D:6      | Reached skill level 5 in Dodging
  4975 | D:6      | Found a glowing golden altar of the Shining One.
  5086 | D:6      | Reached XP level 9. HP: 49/49 MP: 10/10
  5264 | D:6      | Noticed Sigmund
  5294 | D:6      | Killed Sigmund
  5787 | D:7      | Reached skill level 1 in Shapeshifting
  5907 | D:7      | Paralysed by a hornet for 2 turns
  6065 | D:7      | Found an opulent altar of Gozag.
  6085 | D:7      | Found a staircase to the Ecumenical Temple.
  6109 | Temple   | Entered the Ecumenical Temple
  6122 | Temple   | Became a worshipper of Warmaster Okawaru
  6155 | D:7      | Found a shimmering blue altar of Sif Muna.
  6382 | D:8      | Reached skill level 5 in Fighting
  6726 | D:8      | Identified 3 scrolls of acquirement
  6726 | D:8      | Acquired the amulet "Yllonily" {rElec rN+ Will+ Regen+
                  | Int-2}
  6739 | D:8      | Acquired 806 gold pieces
  6742 | D:8      | Acquired the +2 robe of the Thistle {Dex+3}
  6885 | D:8      | Found a shadowy altar of Dithmenos.
  6888 | D:8      | Found a snail-covered altar of Cheibriados.
  7454 | D:9      | Reached * piety under Okawaru
  7455 | D:9      | Reached XP level 10. HP: 41/56 MP: 11/11
  7709 | D:9      | Found a flagged portal.
  7721 | Bailey   | Entered a bailey
  7735 | Bailey   | Reached skill level 6 in Dodging
  7812 | Bailey   | Reached ** piety under Okawaru
  7902 | Bailey   | Reached skill level 7 in Dodging
  7931 | Bailey   | Noticed a vault guard
  7931 | Bailey   | Noticed Prince Ribbit
  7943 | Bailey   | Killed Prince Ribbit
  7961 | Bailey   | Killed a vault guard
  7961 | Bailey   | Reached *** piety under Okawaru
  8007 | Bailey   | Noticed a vault guard
  8062 | Bailey   | Killed a vault guard
  8063 | Bailey   | Reached skill level 8 in Dodging
  8396 | D:10     | Entered Level 10 of the Dungeon
  8434 | D:10     | Noticed a two-headed ogre
  8438 | D:10     | Reached XP level 11. HP: 60/60 MP: 12/12
  8453 | D:10     | Killed a two-headed ogre
  8453 | D:10     | Reached **** piety under Okawaru
  8573 | D:10     | Found a staircase to the Orcish Mines.
  8591 | D:10     | Reached skill level 9 in Dodging
  8623 | D:10     | Reached skill level 5 in Shapeshifting
  8944 | D:10     | Reached ***** piety under Okawaru
  8960 | D:10     | Noticed a sun demon
  9176 | D:11     | Reached skill level 15 in Ranged Weapons
  9208 | D:11     | Found a staircase to the Lair.
  9278 | D:11     | Received a gift from Okawaru
  9284 | D:11     | Reached skill level 10 in Dodging
  9314 | D:11     | Found Finocesch's Mayhem Merchandise.
  9387 | D:11     | Bought a wand of iceblast (3) for 100 gold pieces
  9696 | D:11     | Found a runed translucent gate.
  9697 | D:11     | Found a runed translucent gate.
  9697 | D:11     | Found a runed translucent gate.
  9697 | D:11     | Noticed feta's ghost (journeyman GnIE)
  9697 | D:11     | Noticed a nine-headed hydra
  9699 | D:11     | Noticed a ten-headed hydra
 10027 | Lair:1   | Entered Level 1 of the Lair of Beasts
 10054 | D:11     | Reached skill level 1 in Evocations
 10096 | Lair:1   | Received a gift from Okawaru
 10110 | Lair:1   | Reached XP level 12. HP: 66/66 MP: 13/13
 10230 | Lair:1   | Reached skill level 5 in Evocations
 10826 | Lair:2   | Noticed a five-headed hydra
 10834 | Lair:2   | Noticed Harold
 10854 | Lair:2   | Killed a five-headed hydra
 10854 | Lair:2   | Received a gift from Okawaru
 10874 | Lair:1   | Reached skill level 11 in Dodging
 10990 | Lair:2   | Reached skill level 12 in Dodging
 11273 | Lair:1   | Reached skill level 13 in Dodging
 11312 | Lair:2   | Killed Harold
 11358 | Lair:2   | Reached skill level 14 in Dodging
 11443 | Lair:2   | Received a gift from Okawaru
 11454 | Lair:2   | Reached ****** piety under Okawaru
 11455 | Lair:2   | Acquired a +2 hat
 11455 | Lair:2   | Received a gift from Okawaru
 11459 | Lair:2   | Acquired the +6 arbalest of Moral Flaws {freeze, rC++}
 11459 | Lair:2   | Received a gift from Okawaru
 11711 | Lair:2   | Reached XP level 13. HP: 69/69 MP: 14/14
 11946 | Lair:2   | Reached skill level 15 in Dodging
 11979 | Lair:2   | Received a gift from Okawaru
 12368 | Lair:3   | Found a hole to the Spider Nest.
 12409 | Lair:3   | Found a staircase to the Swamp.
 12959 | Lair:4   | Received a gift from Okawaru
 12970 | Lair:4   | Reached skill level 1 in Invocations
 13205 | Lair:4   | Found a blossoming altar of Fedhas.
 13801 | Lair:5   | Entered Level 5 of the Lair of Beasts
 13836 | Lair:5   | Found a runed translucent door.
 13837 | Lair:5   | Found a viscous altar of Jiyva.
 13838 | Lair:5   | Noticed an acid blob
 13838 | Lair:5   | Noticed an acid blob
 13839 | Lair:5   | Found a staircase to the Slime Pits.
 13839 | Lair:5   | Noticed an acid blob
 13890 | Lair:5   | Received a gift from Okawaru
 13961 | Lair:5   | Noticed a dire elephant
 14185 | Lair:5   | Reached XP level 14. HP: 74/74 MP: 18/18
 14201 | Lair:5   | Received a gift from Okawaru
 14207 | Lair:5   | Reached skill level 5 in Invocations
 14274 | Lair:5   | Reached skill level 10 in Stealth
 14875 | Lair:5   | Identified the serpent talisman of the Meager Catfish
                  | {Str+5 Int+4 Dex+3}
 14883 | Lair:5   | Got an earthy gem with 447 turns to spare
 15398 | D:12     | Reached skill level 16 in Dodging
 15735 | D:12     | Got the Compendium of Hermetica
 15749 | D:13     | Noticed Kirke
 15765 | D:12     | Killed Kirke
 15882 | D:13     | Noticed Rupert
 15886 | D:13     | Killed Rupert
 15886 | D:13     | Received a gift from Okawaru
 16023 | D:13     | Noticed Jorgrun
 16098 | D:13     | Killed Jorgrun
 16128 | D:13     | Reached skill level 17 in Dodging
 16207 | D:13     | Found a gate to the Vaults.
 16430 | D:14     | Received a gift from Okawaru
 16543 | D:15     | Entered Level 15 of the Dungeon
 16741 | D:15     | Reached XP level 15. HP: 85/85 MP: 19/19
 16776 | D:15     | Found a staircase to the Depths.
 16776 | D:15     | Noticed a fire giant
 16783 | D:15     | Killed a fire giant
 16825 | D:15     | Got a smoky gem with 1506 turns to spare
 17276 | D:14     | Reached skill level 18 in Dodging
 17324 | D:14     | Received a gift from Okawaru
 17847 | Orc:1    | Entered Level 1 of the Orcish Mines
 17847 | Orc:1    | Noticed Urug
 17851 | Orc:1    | Killed Urug
 18041 | Orc:2    | Entered Level 2 of the Orcish Mines
 18041 | Orc:2    | Found Ruwnenui's Weapon Shop.
 18376 | Orc:2    | Received a gift from Okawaru
 18392 | Orc:2    | Found Gylozeinn's Antique Armour Emporium.
 18535 | Orc:2    | Found Ymagaj's Antique Weapon Boutique.
 18550 | Orc:2    | Found Kiopyna's Book Shop.
 18667 | Orc:2    | Found Larod's General Store.
 18674 | Orc:2    | Reached skill level 19 in Dodging
 18796 | Orc:2    | Found a staircase to the Elven Halls.
 18934 | Orc:1    | Noticed Fannar
 18938 | Orc:1    | Killed Fannar
 19007 | Orc:1    | Noticed Nergalle
 19026 | Orc:1    | Killed Nergalle
 19027 | Orc:1    | Reached skill level 10 in Fighting
 19406 | Swamp:1  | Entered Level 1 of the Swamp
 19439 | Swamp:1  | Received a gift from Okawaru
 19441 | Swamp:1  | Acquired 1161 gold pieces
 19696 | Swamp:1  | Constricted to death by a shambling mangrove

Illustrated notes

Levels and vault maps discovered:
D:1:      erik_arrival_blinker_ship, layout_basic, minmay_pentomino_u4
D:2:      layout_loops_ring
D:3:      layout_basic, nicolae_qazlal_scattered_showers,
          mainiacjoe_overflow_surrounded_room, ebering_ghost_gozag,
          portal_sewer_entry_c, kennysheep_small_spiral, uniq_grinder
D:4:      layout_basic, nicolae_overflow_hidden_temple,
          eat_drink_and_be_merry_uskayaw, minmay_misc_feat_doors,
          hex_intersection, serial_library_regret_index_multi
D:5:      layout_basic, nicolae_hepliaklqana_monster_ancestors,
          mainiacjoe_overflow_boulevard, lemuel_doored_altar,
          kennysheep_little_box
D:6:      layout_basic, nicolae_tso_besieged_by_evil, uniq_maggie, uniq_sigmund
D:7:      layout_gridville, kennysheep_mini_moat,
          nicolae_sif_muna_little_library, minmay_temple_entry_glassed_door
D:8:      layout_loops_ring, chequers_temple_overflow_statue_of_worship,
          kennysheep_donut
D:9:      layout_gridville, enter_bailey_2
D:10:     layout_roguey, orc_0_dummy, minmay_misc_feat_chi
D:11:     layout_small_grid, erik_lair_island, gammafunk_ghost_hydra_chop,
          minmay_shop_mayhem
D:12:     layout_basic, minmay_misc_feat_diagonals, worms_lemuel
D:13:     layout_rooms, david_vaults_2, grunt_ministairs_6, uniq_jorgrun,
          uniq_kirke, uniq_rupert
D:14:     layout_irregular_city, serial_park_tiny_pond, kennysheep_nondescript
D:15:     grunt_enter_depths_giant_problem, layout_irregular_city,
          minmay_strange_pillars
Temple:   kb_corrupted_temple
Lair:1:   wad_woods_tower, layout_regular_city
Lair:2:   minmay_lair_oklob_tunnel, layout_long_grid, beast_lair_carwin_7,
          grunt_megastairs_5, uniq_harold
Lair:3:   layout_hall_layers, swamp_mist, dummy_spider_entry
Lair:4:   layout_regular_city, hangedman_tree_tricks
Lair:5:   wormcave, layout_big_grid, hangedman_lair_in_review, slime_entry_2,
          fungi_pond_lemuel, chequers_serial_rivers_room_a, st_stairs_13,
          dreamdust_deal_with_the_devil, patterned_corridor
Swamp:1:  nicolae_swamp_ascending_descending, layout_falls_marsh,
          evilmike_swamp_ruin_rubble_1, swamp_pool_4
Orc:1:    layout_diamond_mine, david_defended_altar_orc, uniq_urug,
          uniq_nergalle, uniq_fannar
Orc:2:    grunt_orc_gardens, layout_caves, grunt_orc_garden, grunt_orc_garden,
          grunt_orc_garden, grunt_orc_garden, serial_shops, shop, basic_altar

Skill      XL: |  1  2  3  4  5  6  7  8  9 10 11 12 13 14 15 |
---------------+----------------------------------------------+-----
Ranged Weapons | 5 6 7 9 10 12 14 16 18 | 18.0
Dodging        | 3 5 8 10 14 15 17 19 | 19.6
Stealth        | 3 5 9 10 | 10.0
Fighting       | 2 3 5 8 10 | 10.0
Shapeshifting  | 3 4 7 |  7.0
Evocations     | 3 8 |  8.0
Invocations    | 4 5 |  5.0

Action                     |  1- 3 |  4- 6 |  7- 9 | 10-12 | 13-15 || total
---------------------------+-------+-------+-------+-------+-------++-------
   Fire: Shortbow          |   138 |   184 |   399 |       |       ||   721
         Orcbow            |       |       |    61 |   848 |       ||   909
         Arbalest          |       |       |       |    30 |   772 ||   802
  Throw: Throwing net      |       |     1 |       |       |       ||     1
 Invoke: Receive Weapon    |       |       |       |     1 |       ||     1
         Receive Armour    |       |       |       |     1 |       ||     1
    Use: Scroll            |     4 |       |     6 |     1 |    10 ||    21
         Potion            |       |       |     1 |       |     3 ||     4
 Armour: Robe              |    22 |    24 |    30 |    61 |    57 ||   194
         Swamp dragon scal |       |       |       |       |     4 ||     4
  Dodge: Dodged            |    51 |    24 |    79 |   404 |   543 ||  1101
   Form: Beast             |       |       |     1 |       |       ||     1

Table legend: (Time is in decaauts)
 A = Elapsed time spent in this place.
 B = Non-inter-level travel time spent in this place.
 C = Inter-level travel time spent in this place.
 D = Time resting spent in this place.
 E = Time spent auto-exploring this place.
 F = Levels seen in this place.
 G = Mean time per level.
                   A        B        C        D        E       F      G
               +--------+--------+--------+--------+--------+-----+--------+
         Total |  13638 |  12896 |    742 |   1457 |   7481 |  26 |  524.5 |
       Dungeon |   8310 |   7852 |    458 |    846 |   4750 |  15 |  554.0 |
        Temple |     17 |      3 |     14 |      0 |      0 |   1 |   17.0 |
          Lair |   3481 |   3294 |    187 |    321 |   1964 |   5 |  696.2 |
         Swamp |    228 |    228 |      0 |      0 |    169 |   1 |  228.0 |
  Orcish Mines |    975 |    894 |     81 |    211 |    391 |   2 |  487.5 |
         Sewer |    319 |    319 |      0 |     44 |    155 |   1 |  319.0 |
        Bailey |    305 |    305 |      0 |     35 |     50 |   1 |  305.0 |
               +--------+--------+--------+--------+--------+-----+--------+

Top non-repeatable levels by time:
     D:3: 1008 daAuts
  Lair:2: 882 daAuts
  Lair:5: 870 daAuts
  Lair:1: 755 daAuts
     D:8: 755 daAuts
    D:11: 686 daAuts
     D:7: 677 daAuts
     D:5: 623 daAuts
  Lair:4: 564 daAuts
     D:1: 555 daAuts
   Orc:1: 550 daAuts
    D:10: 519 daAuts
     D:6: 505 daAuts
    D:12: 484 daAuts
     D:2: 448 daAuts
